 Dungeon Crawl Stone Soup version 0.29-a0-392-g297d3b089c (webtiles) character file.

Game seed: 8889885643597015938

39 NinjaNoafa the Gusty (level 3, 0/19 HPs)
             Began as a Tengu Air Elementalist on May 8, 2022.
             Succumbed to an adder's poison
             ... on level 2 of the Dungeon.
             The game lasted 00:04:27 (1562 turns).

NinjaNoafa the Gusty (Tengu Air Elementalist)       Turns: 1562, Time: 00:04:28

Health: 0/19       AC:  2    Str:  8    XL:     3   Next: 45%
Magic:  7/7        EV: 12    Int: 17    God:
Gold:   35         SH:  0    Dex: 14    Spells: 5/6 levels left

rFire   . . .      SeeInvis .   c - staff of cold
rCold   + . .      Faith    .   (no shield)
rNeg    . . .      Spirit   .   a - +0 robe
rPois   .          Reflect  .   (helmet restricted)
rElec   .          Harm     .   (no cloak)
rCorr   .          Rampage  .   (no gloves)
Will    .....                   (boots unavailable)
Stlth   ++........              (no amulet)
HPRegen 0.06/turn               (no ring)
MPRegen 0.10/turn               (no ring)

@: mighty, lethally poisoned (0 -> -8)
A: beak, talons 3
a: no special abilities


You were on level 2 of the Dungeon.
You visited 1 branch of the dungeon, and saw 2 of its levels.

You collected 35 gold pieces.

Inventory:

Hand Weapons
 d - a +0 dagger
Armour
 a - a +0 robe (worn)
Magical Staves
 c - a staff of cold (weapon)
 g - a staff of death
Scrolls
 e - a scroll of poison {unknown}
Potions
 f - a potion of might
 h - a potion of curing {unknown}


   Skills:
 + Level 2.6 Dodging
 + Level 2.4 Stealth
 + Level 2.3 Spellcasting
 + Level 2.2 Conjurations
 + Level 4.4 Air Magic


You had 5 spell levels left.
You knew the following spells:

 Your Spells              Type           Power      Damage    Failure   Level
a - Shock                 Conj/Air       52%        1d6       4%          1

Your spell library contained the following spells:

 Spells                   Type           Power      Damage    Failure   Level
 Static Discharge         Conj/Air       13%        N/A       7%          2
 Swiftness                Air            17%        N/A       9%          3
 Airstrike                Air            8%         N/A       30%         4


Dungeon Overview and Level Annotations

Branches:
Dungeon (2/15)

Altars:


Innate Abilities, Weirdness & Mutations

You have a beak for a mouth.
You have claws for feet.


Message History

The ball python barely misses you. The ball python grabs you.
The ball python constricts you. The adder barely misses you.
The zap hits the ball python.
You kill the ball python!
The adder bites you.
The zap misses the adder.
The adder bites you but does no damage. The adder barely misses you.
The zap misses the adder.
The adder bites you.
The zap misses the adder.
The adder bites you.
You are poisoned.
The adder poisons you!
You hit the adder. Your kick misses the adder.
The adder is moderately wounded.
You feel sick. The adder misses you. The adder bites you.
You are too injured to fight recklessly!
Casting: Shock (safe; 4% risk of failure)
Confirm with . or Enter, or press ? or * to list all spells.
Aiming: Shock (safe; 4% risk of failure)
Press: ? - help, Shift-Dir - straight line, f/p - adder
Aim: an adder (moderately wounded, 48% to hit)
The zap hits the adder.
The adder is almost dead.
You feel sick. The adder bites you.
* * * LOW HITPOINT WARNING * * *
You miss the adder. Your kick misses the adder.
The adder is almost dead.
You feel sick.
You are no longer poisoned.
The adder barely misses you. The adder misses you.
You closely miss the adder.
The adder is almost dead.
The adder misses you.
Okay, then.
Magic courses through your body. The adder bites you.
* * * LOW HITPOINT WARNING * * *
You are lethally poisoned!
The adder poisons you! The adder misses you.
It was a potion of might.
You feel very mighty all of a sudden.
You die...

#######
.......
##...##
###.....###
##....♣....###
.......S@....#
.<...###...<.#
... ###...# #
#####


You could see an adder.

Vanquished Creatures
  2 dart slugs (D:1)
  2 endoplasms (D:1)
  2 giant cockroaches (D:1)
  2 goblins (D:1)
  4 hobgoblins (D:1)
  3 jackals (D:1)
  6 ball pythons
  3 bats
  3 frilled lizards (D:1)
  2 kobolds (D:1)
  6 rats (D:1)
35 creatures vanquished.

Vanquished Creatures (others)
  12 demonic plants (D:1)
  3 fungi (D:1)
  3 plants (D:1)
  2 withered plants (D:1)
20 creatures vanquished.

Grand Total: 55 creatures vanquished

Notes
Turn   | Place    | Note
-------+----------+-------------------------------------------
     0 | D:1      | NinjaNoafa the Tengu Air Elementalist began the quest for
                  | the Orb.
     0 | D:1      | Reached XP level 1. HP: 10/10 MP: 4/4
   197 | D:1      | Reached XP level 2. HP: 15/15 MP: 3/6
   351 | D:1      | Found a faded altar of an unknown god.
   593 | D:1      | Reached XP level 3. HP: 10/19 MP: 1/7
  1562 | D:2      | Succumbed to an adder's poison

Illustrated notes

Levels and vault maps discovered:
D:1:      mrwooster_arrival_statue_3, layout_loops_ring,
          shapermc_ecumenical_altar_gd, minmay_pentomino_p2
D:2:      layout_loops_ring, grunt_ministairs_12, grunt_decor_resistance,
          serial_bayou_pond_e

Skill      XL: |  1  2 |
---------------+-------+-----
Conjurations   | 2 |  2.2
Dodging        | |  2.6
Stealth        | |  2.4
Spellcasting   | |  2.3
Air Magic      | |  4.4

Action                   || total
-------------------------++-------
Melee: Unarmed           ||    10
       Kick              ||     4
       Peck              ||     1
       Staff             ||     3
 Cast: Shock             ||    73
  Use: Potion            ||     2
 Stab: Sleeping          ||     1
Armor: Robe              ||     9
Dodge: Dodged            ||    28

Table legend: (Time is in decaauts)
 A = Elapsed time spent in this place.
 B = Non-inter-level travel time spent in this place.
 C = Inter-level travel time spent in this place.
 D = Time resting spent in this place.
 E = Time spent auto-exploring this place.
 F = Levels seen in this place.
 G = Mean time per level.
                   A        B        C        D        E       F      G
               +--------+--------+--------+--------+--------+-----+--------+
         Total |   1561 |   1515 |     46 |      0 |   1279 |   2 |  780.5 |
       Dungeon |   1561 |   1515 |     46 |      0 |   1279 |   2 |  780.5 |
               +--------+--------+--------+--------+--------+-----+--------+

Top non-repeatable levels by time:
     D:1: 1531 daAuts
     D:2: 30 daAuts
